 Dungeon Crawl Stone Soup version 0.31.0-12-g77e489cdc1 (webtiles) character file.

Game seed: 658771884216019947

74118 drgodel the Brawler (level 15, -9/187 HPs)
             Began as an Oni Shapeshifter on Feb 11, 2024.
             Was the Champion of Qazlal.
             Mangled by a bunyip (25 damage)
             ... on level 3 of the Swamp.
             The game lasted 01:25:22 (15957 turns).

drgodel the Brawler (Oni Shapeshifter)             Turns: 15957, Time: 01:25:22

Health: -9/187     AC: 16    Str: 39    XL:     15   Next: 45%
Magic:  15/15      EV: 17    Int: 11    God:    Qazlal [******]
Gold:   1599       SH:  0    Dex:  8    Spells: 11/14 levels left

rFire   . .          .
                       - Unarmed
rCold   . . .        (shield currently unavailable)
rNeg    . . .        a - melded +0 animal skin
rPois   +            (helmet currently unavailable)
rElec   .            (cloak currently unavailable)
rCorr   .            (gloves unavailable)
SInv    .            (boots unavailable)
Will    +....        h - amulet of regeneration
Stlth   +            g - +5 ring of evasion
HPRegen 1.31/turn    o - +6 ring of strength
MPRegen 0.14/turn

%: repel missiles
@: confused, ice-armoured, snake-form, ambrosia-drunk, protected from physical
damage, corroded, very slightly contaminated, studying Translocations
A: constrict, boosted hp, large, unfitting armour, (horns 1), (tough skin 1),
double potion healing, drunken brawling
a: Begin Untransformation, Renounce Religion, Upheaval, Elemental Force,
Disaster Area


You were on level 3 of the Swamp.
You worshipped Qazlal.
Qazlal was exalted by your worship.
You were an enormous serpent.
You visited 3 branches of the dungeon, and saw 18 of its levels.

You collected 1599 gold pieces.

Inventory:

Missiles
 E - a throwing net
Armour
 a - a +0 animal skin (melded)
 O - a +1 troll leather armour {Snorg}
Jewellery
 g - a +5 ring of evasion (left hand)
 h - an amulet of regeneration (around neck)
 i - a +6 ring of dexterity
 o - a +6 ring of strength (right hand)
 q - a ring of protection from fire
 B - a ring of positive energy
 D - a ring of flight
 L - a +5 ring of evasion
 M - a ring of resist corrosion
 Q - a +6 ring of intelligence
Talismans
 c - a beast talisman
 d - a flux talisman
 A - a serpent talisman (active)
Wands
 m - a wand of light (16)
 n - a wand of digging (8)
 p - a wand of paralysis (21) (quivered)
 y - a wand of polymorph (7)
 N - a wand of roots (5)
 P - a wand of flame (7)
Scrolls
 f - 5 scrolls of fear
 k - a scroll of amnesia
 l - 3 scrolls of enchant armour
 r - a scroll of silence
 s - a scroll of teleportation
 u - a scroll of vulnerability
 w - a scroll of immolation
 F - a scroll of revelation
 H - a scroll of fog
 I - 6 scrolls of identify
 J - 4 scrolls of blinking
 K - a scroll of poison
 S - 2 scrolls of noise
Potions
 b - 7 potions of lignification
 e - a potion of attraction
 j - a potion of enlightenment
 t - 2 potions of degeneration
 v - 2 potions of might
 x - a potion of magic
 C - a potion of mutation
 G - a potion of brilliance


   Skills:
 * Level 12.0 Fighting
 - Level 1.0 Armour
 + Level 9.2 Dodging
 - Level 0.6 Shields
 - Level 16.0 Unarmed Combat
 * Level 2.9 Ice Magic
 - Level 0.7 Evocations
 * Level 14.9 Shapeshifting


You had 11 spell levels left.
You knew the following spells:

 Your Spells              Type           Power      Damage    Failure   Level
a - Ozocubu's Armour      Ice            6%         N/A       32%         3

Your spell library contained the following spells:

 Spells                   Type           Power      Damage    Failure   Level
 Ensorcelled Hibernation  Hex/Ice        6%         N/A       30%         2
 Apportation              Tloc           0%         N/A       34%         1
 Necrotise                Necr           0%         1d4       34%         1
 Slow                     Hex            0%         N/A       34%         1
 Sting                    Conj/Alch      0%         1d3       34%         1
 Summon Small Mammal      Summ           0%         N/A       34%         1
 Sublimation of Blood     Necr           0%         N/A       47%         2
 Call Canine Familiar     Summ           0%         N/A       71%         3
 Confusing Touch          Hex            0%         N/A       71%         3
 Gell's Gravitas          Tloc           0%         N/A       71%         3
 Inner Flame              Hex/Fire       0%         N/A       71%         3
 Sigil of Binding         Hex            0%         N/A       71%         3
 Teleport Other           Tloc           0%         N/A       71%         3
 Vampiric Draining        Necr           0%         2d6       71%         3
 Flame Wave               Conj/Fire      0%         2d4       98%         4
 Petrify                  Alch/Erth      0%         N/A       98%         4
 Sticky Flame             Fire/Alch      0%         2d4       98%         4
 Summon Blazeheart Golem  Fire/Summ      0%         N/A       98%         4
 Summon Lightning Spire   Summ/Air       0%         N/A       98%         4
 Irradiate                Conj/Alch      0%         3d11      100%        5
 Dispersal                Tloc           0%         N/A       100%        6


Dungeon Overview and Level Annotations

Branches:
Dungeon (10/15)            Temple (0/1) D:6            Lair (5/5) D:9
  Swamp (3/4) Lair:2       Spider (0/4) Lair:3        Slime (0/5) Lair:4
    Orc: D:9-12

Altars:
Fedhas
Gozag
Makhleb
Nemelex Xobeh
Okawaru
Qazlal
Ru
Vehumet
Wu Jian
Xom
The Shining One

Shops:
D:2 **![   D:4 =[

Portals:
Hell: Lair:5

Annotations:
D:10 3 runed translucent doors, hernaldog's ghost, journeyman MiBe


Innate Abilities, Weirdness & Mutations

You are an enormous serpent.
You have a powerful constriction melee attack.
Your maximum health is increased.
Your armour is entirely melded.
You are incapable of wielding weapons or throwing items.
You are too large for most types of armour.
((You have a pair of small horns on your head.))
((You have tough skin. (AC +1)))
You gain doubled healing and magic from potions.
Whenever you drink a healing potion, you attack all around you.


Message History

You lash the seven-headed hydra!
The seven-headed hydra is moderately wounded.
The bunyip is engulfed in freezing vapours.
The bunyip howls a warning cry!
The spriggan rider hits you from afar with a +3 spear!!
* * * LOW HITPOINT WARNING * * *
The goliath frog barely misses you.
A six-headed hydra comes into view.
The bunyip is engulfed in freezing vapours.
Casting: Ozocubu's Armour (mildly dangerous; 32% risk of failure)
Confirm with . or Enter, or press ? or * to list all spells.
A film of ice covers your body! The seven-headed hydra bites you.
* * * LOW HITPOINT WARNING * * *
You feel more protected from physical attacks.
The seven-headed hydra closely misses you.
The seven-headed hydra bites you.
* * * LOW HITPOINT WARNING * * *
You feel more protected from physical attacks.
The seven-headed hydra completely misses you.
The seven-headed hydra misses you. The seven-headed hydra bites you.
* * * LOW HITPOINT WARNING * * *
You block the seven-headed hydra's attack.
The goliath frog closely misses you.
The bunyip howls a warning cry!
The spriggan rider is engulfed in a thunderstorm.
The spriggan rider hits you from afar with a +3 spear!
* * * LOW HITPOINT WARNING * * *
You hear a hideous shriek!
You hear a roar!
You take a swig of the potion and flex your muscles.
You lash the bunyip! Your grab misses the bunyip.
The bunyip is heavily wounded.
You completely miss the seven-headed hydra.
The seven-headed hydra is moderately wounded.
You are confused.
You savour every drop.
You feel invigorated. The bunyip closely misses you. The bunyip claws you.
* * * LOW HITPOINT WARNING * * *
You feel more protected from physical attacks.
The bunyip claws you!!
You die...

~~~~~..♣♣♣♣♣
.~~~§~~...♣~~♣
.~...n~~~...~♣♣♣
.....~~~~(.~..?♣♣♣
§~..~..)....~.....
~.......>.........
♣.°○~~~i<..#
♣.°°°x§n..#
♣°°°SDF†..#
~D~k^°°°~~§..+
.~k).°.~§~†..#
~~~~.~.~~~...#
♣≈♣♣.....~~.... ♣
♣♣.~♣~.....##
♣♣♣~..~~....
♣♣........
♣~..~~.~~.


You could see a bunyip (catching breath), a seven-headed hydra (slow), a
six-headed hydra, a spriggan rider, a goliath frog, 2 bog bodies and 2 swamp
drakes.

Vanquished Creatures
  A thorn hunter (Swamp:1)
  2 eleionomae
  Snorg (Lair:4)
  Harold (D:10)
  11 hydras
  A catoblepas (Lair:3)
  6 alligators
  6 death yaks
  2 two-headed ogres
  Sonja (Lair:4)
  7 spriggans
  A sixfirhy (Lair:5)
  3 goliath frogs
  A spriggan druid (Swamp:1)
  2 swamp dragons
  An arcanist (Lair:5)
  2 steelbarb worms (Swamp:1)
  2 oklob plants
  2 will-o-the-wisps (Swamp:2)
  17 elephants
  Joseph (D:8)
  7 black mambas
  14 cane toads
  A torpor snail (Lair:5)
  5 rime drakes
  5 orange demons (Lair:5)
  Jeremiah (D:6)
  5 komodo dragons
  3 polar bears
  A bloated husk (Swamp:1)
  A hellwing (Lair:5)
  11 tyrant leeches
  7 hornets
  10 blink frogs
  8 dream sheep
  2 culicivoras (Lair:3)
  68 yaks
  8 wyverns
  3 basilisks
  2 humans (D:9)
  2 wargs (Lair:1)
  2 steam dragons (D:8)
  14 swamp worms
  15 water moccasins
  8 orc warriors
  4 hell hounds (Lair:5)
  6 swamp drakes
  2 sky beasts
  4 black bears
  7 wolves
  5 centaurs
  2 kobold brigands
  12 bullfrogs
  4 scorpions
  3 wights (D:6)
  2 electric eels (Lair:2)
  A howler monkey (D:9)
  2 bombardier beetles
  7 jellies
  3 gnoll boudas
  5 orc priests
  7 hounds
  2 sleepcaps
  6 iguanas
  3 orc wizards
  4 gnolls (D:4)
  3 adders
  A shadow imp (D:7)
  2 ufetubi (D:5)
  3 dart slugs
  A ribbon worm (D:2)
  53 orcs
  3 ball pythons
  11 endoplasms
  8 giant cockroaches
  5 goblins
  6 hobgoblins
  7 jackals
  4 quokkas
  5 bats
  A frilled lizard (D:2)
  4 kobolds
  7 rats
489 creatures vanquished.

Vanquished Creatures (others)
  4 bloated husks
  2 foxfires (Swamp:2)
6 creatures vanquished.

Grand Total: 495 creatures vanquished

Notes
Turn   | Place    | Note
-------+----------+-------------------------------------------
     0 | D:1      | drgodel the Oni Shapeshifter began the quest for the Orb.
     0 | D:1      | Reached XP level 1. HP: 19/19 MP: 1/1
   356 | D:1      | Reached XP level 2. HP: 26/28 MP: 2/2
   477 | D:1      | Found a faded altar of an unknown god.
   630 | D:1      | Reached skill level 3 in Unarmed Combat
   825 | D:2      | Reached XP level 3. HP: 34/35 MP: 3/3
   916 | D:2      | Found Ucverpheta's Distillery.
   937 | D:2      | Found Osifueh's Armour Emporium.
  1089 | D:2      | Found Merothyohy's Assorted Antiques.
  1150 | D:2      | Found Lataz's Assorted Antiques.
  1327 | D:3      | Reached XP level 4. HP: 43/44 MP: 4/4
  1473 | D:3      | Reached skill level 4 in Unarmed Combat
  1506 | D:3      | Found a glowing drain.
  1626 | D:3      | Reached XP level 5. HP: 52/52 MP: 5/5
  2313 | D:4      | Found Faim's Jewellery Shoppe.
  2393 | D:4      | Reached XP level 6. HP: 53/61 MP: 6/6
  2480 | D:4      | Reached skill level 5 in Unarmed Combat
  2750 | D:4      | Found Poguur's Armour Shoppe.
  3125 | D:5      | Entered Level 5 of the Dungeon
  3263 | D:5      | Found a stormy altar of Qazlal.
  3271 | D:5      | Became a worshipper of Qazlal Stormbringer
  3483 | D:5      | Reached XP level 7. HP: 70/70 MP: 7/7
  3807 | D:5      | Reached skill level 6 in Unarmed Combat
  3895 | D:5      | Found an ornate altar of the Wu Jian Council.
  4058 | D:6      | Reached skill level 5 in Fighting
  4132 | D:6      | Reached XP level 8. HP: 80/80 MP: 8/8
  4256 | D:6      | Reached skill level 7 in Unarmed Combat
  4328 | D:6      | Noticed Jeremiah
  4419 | D:6      | HP: 1/83 [Jeremiah/divine providence (9)]
  4517 | D:6      | Killed Jeremiah
  4517 | D:6      | Reached * piety under Qazlal
  4620 | D:6      | Found a staircase to the Ecumenical Temple.
  4909 | D:7      | Identified the +0 robe of the Northern Lights {-Cast Dex+4}
  5131 | D:7      | Reached skill level 8 in Unarmed Combat
  5195 | D:7      | Reached skill level 5 in Shapeshifting
  5199 | D:7      | Reached XP level 9. HP: 83/92 MP: 9/9
  5468 | D:7      | Found a glowing golden altar of the Shining One.
  5620 | D:8      | Noticed a two-headed ogre
  5638 | D:8      | Killed a two-headed ogre
  5639 | D:8      | Reached skill level 9 in Unarmed Combat
  5787 | D:8      | Noticed Joseph
  5952 | D:8      | Found a blossoming altar of Fedhas.
  6296 | D:8      | Killed Joseph
  6497 | D:8      | Reached XP level 10. HP: 104/104 MP: 10/10
  6508 | D:8      | Reached ** piety under Qazlal
  6513 | D:8      | Reached skill level 10 in Unarmed Combat
  6561 | D:8      | HP: 4/106 [centaur/arrow (11)]
  7020 | D:9      | Found a staircase to the Lair.
  7157 | D:9      | Found an iron altar of Okawaru.
  7213 | D:9      | Found an opulent altar of Gozag.
  7314 | D:9      | Found a sparkling altar of Nemelex Xobeh.
  7413 | D:9      | Found a sacrificial altar of Ru.
  7479 | D:9      | Reached *** piety under Qazlal
  7853 | D:10     | Entered Level 10 of the Dungeon
  7930 | D:10     | Noticed Harold
  7937 | D:10     | Killed Harold
  7938 | D:10     | Reached XP level 11. HP: 76/115 MP: 11/11
  8145 | D:10     | Found a radiant altar of Vehumet.
  8157 | D:10     | Noticed a two-headed ogre
  8163 | D:10     | Reached skill level 11 in Unarmed Combat
  8166 | D:10     | Killed a two-headed ogre
  8516 | D:10     | Found a runed translucent gate.
  8519 | D:10     | Found a runed translucent gate.
  8519 | D:10     | Noticed hernaldog's ghost (journeyman MiBe)
  8520 | D:10     | Found a runed translucent gate.
  8619 | Lair:1   | Entered Level 1 of the Lair of Beasts
  8740 | Lair:1   | Reached skill level 10 in Shapeshifting
  8864 | Lair:1   | Reached **** piety under Qazlal
  8866 | Lair:1   | You fall into a shaft and drop 1 floor!
  8868 | Lair:2   | Noticed a four-headed hydra
  8875 | Lair:2   | Killed a four-headed hydra
  8941 | Lair:2   | Reached skill level 10 in Fighting
  9053 | Lair:1   | Reached XP level 12. HP: 126/126 MP: 12/12
  9062 | Lair:1   | Reached skill level 1 in Armour
  9067 | Lair:1   | Reached skill level 12 in Unarmed Combat
  9105 | Lair:1   | Reached skill level 5 in Dodging
  9266 | Lair:1   | Got the Octavo of Hoarfrost and the Union
  9981 | Lair:2   | Reached skill level 13 in Unarmed Combat
 10105 | Lair:2   | Found a staircase to the Swamp.
 10383 | Lair:3   | Reached ***** piety under Qazlal
 10395 | Lair:3   | Reached XP level 13. HP: 127/135 MP: 13/13
 10931 | Lair:3   | Found a hole to the Spider Nest.
 11151 | Lair:3   | Reached skill level 14 in Unarmed Combat
 11786 | Lair:4   | Found a shimmering altar of Xom.
 11855 | Lair:4   | Found a staircase to the Slime Pits.
 11877 | Lair:4   | Noticed Sonja
 11881 | Lair:4   | Noticed Snorg
 11900 | Lair:4   | Killed Snorg
 11901 | Lair:4   | Reached XP level 14. HP: 144/144 MP: 14/14
 11920 | Lair:4   | Killed Sonja
 13047 | Lair:5   | Entered Level 5 of the Lair of Beasts
 13114 | Lair:5   | Reached skill level 15 in Unarmed Combat
 13129 | Lair:5   | Reached ****** piety under Qazlal
 13450 | Lair:5   | Found a burning altar of Makhleb.
 13471 | Lair:5   | Found a gateway to Hell.
 14229 | Swamp:1  | Entered Level 1 of the Swamp
 14582 | Swamp:1  | Learned a level 3 spell: Ozocubu's Armour
 14582 | Swamp:1  | Noticed an eleionoma
 14600 | Swamp:1  | Killed an eleionoma
 14757 | Swamp:1  | Reached XP level 15. HP: 143/154 MP: 15/15
 14880 | Swamp:1  | Reached skill level 1 in Ice Magic
 14965 | Swamp:1  | Reached skill level 16 in Unarmed Combat
 14985 | Swamp:1  | Noticed a thorn hunter
 14990 | Swamp:1  | Killed a thorn hunter
 15207 | Swamp:1  | Identified the +2 leather armour "Nowkel" {rF+ Int+3 Dex+3}
 15957 | Swamp:3  | Mangled by a bunyip

Illustrated notes

Levels and vault maps discovered:
D:1:      roderic_chinese_lattice_arrival, layout_loops_ring,
          basic_ecumenical_altar, hangedman_glass_teeth
D:2:      layout_rooms, serial_shops, shop, shop, nicolae_shop_waterfront, shop,
          mrwooster_statue_mirror
D:3:      layout_basic, gup_sewer_entry_bubbles, hex_large
D:4:      layout_loops_corners, serial_shops, shop, nicolae_stop_n_shop_1
D:5:      layout_loops_ring, nicolae_qazlal_scattered_showers,
          nicolae_wu_jian_glorious_leap, abandoned_shop
D:6:      layout_cave_pools, minmay_temple_entry_nine_rooms, uniq_jeremiah
D:7:      layout_gridville, nicolae_overflow_crystal_walls,
          mumra_transporter_accident, hangedman_decor_slide_cut,
          grunt_decor_junction, nrook_pool_corridor, minmay_manual_mandibuliform
D:8:      layout_basic, fedhas_altar_1, minmay_alternating_orb, uniq_joseph
D:9:      layout_loops_cross, mainiacjoe_overflow_small_starburst,
          mainiacjoe_overflow_tiny_flanked, okawaru_humans,
          nemelex_diamond_rough_becter, dpeg_oklobed_lair, special_room
          [special_room_orc]
D:10:     layout_loops_ring, mainiacjoe_overflow_cross_hatched,
          gammafunk_ghost_nasty_kobolds, uniq_harold
Lair:1:   beast_lair_carwin_large_3, layout_chaotic_city
Lair:2:   layout_gridlike, mainiacjoe_swamp_entry_lozenge_pond
Lair:3:   layout_roguey, spider_nest_entry_funnel_web, minmay_lair_oklob_bushes,
          minivault_24, infiniplex_staircase_pool_2
Lair:4:   layout_regular_city, nicolae_slime_entry_slimehenge,
          lemuel_oklob_altar, uniq_snorg, uniq_sonja
Lair:5:   evil_forest, layout_regular_city, serial_rivers,
          chequers_serial_rivers_room_b, chequers_serial_rivers_micro_b,
          chequers_serial_rivers_small_a, chequers_serial_rivers_micro_c,
          chequers_serial_rivers_room_a
Swamp:1:  layout_basic_swamp, hangedman_swamp_ruin_wall, swamp_pool_5,
          nicolae_swamp_vermiculated, nicolae_swamp_tree_isthmus
Swamp:2:  layout_basic_swamp, hangedman_swamp_cone
Swamp:3:  layout_basic_swamp, evilmike_swamp_ruin_house_1, swamp_pool_5,
          infiniplex_staircase_pool

Skill      XL: |  1  2  3  4  5  6  7  8  9 10 11 12 13 14 15 |
---------------+----------------------------------------------+-----
Unarmed Combat | 3 4 5 6 8 9 10 11 13 14 15 16 | 16.0
Fighting       | 2 3 4 5 6 8 9 10 11 12 | 12.0
Shapeshifting  | 4 5 8 10 12 13 14 | 14.9
Dodging        | 2 3 4 5 6 8 9 |  9.2
Armour         | 1 |  1.0
Ice Magic      | 2 |  2.9
Shields        | |  0.6
Evocations     | |  0.7

Action                     |  1- 3 |  4- 6 |  7- 9 | 10-12 | 13-15 || total
---------------------------+-------+-------+-------+-------+-------++-------
  Melee: Unarmed           |   102 |   152 |   198 |   357 |   528 ||  1337
         Headbutt          |     9 |    25 |    43 |    10 |       ||    87
         Punch             |     1 |     1 |    15 |     4 |       ||    21
         Constrict         |       |       |       |    70 |   107 ||   177
   Cast: Ozocubu's Armour  |       |       |       |       |     1 ||     1
Ability: Begin Untransform |       |     1 |       |       |       ||     1
  Evoke: Wand              |       |       |       |       |     7 ||     7
    Use: Scroll            |     6 |     3 |     8 |     6 |     2 ||    25
         Potion            |       |       |     4 |       |     5 ||     9
   Stab: Paralysed         |       |       |       |       |     1 ||     1
 Armour: Animal skin       |    41 |    76 |   111 |    33 |       ||   261
         Skin              |       |       |       |   141 |   418 ||   559
  Dodge: Dodged            |    69 |    86 |   110 |   196 |   373 ||   834
         Repelled          |       |       |       |       |    11 ||    11
  Block: Other             |       |       |     5 |    48 |   170 ||   223
   Form: Beast             |       |     1 |       |     1 |       ||     2
         Serpent           |       |       |       |     2 |       ||     2
